 Dungeon Crawl Stone Soup version 0.22.1-2-g9c5b331383 (webtiles) character file.

7239 Revguard the Carver (level 10, 0/77 HPs)
             Began as a Demonspawn Gladiator on Nov 19, 2018.
             Slain by a two-headed ogre
             ... wielding a +0 giant club
              (23 damage)
             ... on level 10 of the Dungeon on Nov 22, 2018.
             The game lasted 00:34:30 (7340 turns).

Revguard the Carver (Demonspawn Gladiator)          Turns: 7340, Time: 00:34:30

Health: 0/77       AC: 19    Str: 14 (17) XL:     10   Next: 88%
Magic:  10/10      EV: 12    Int: 11 (12) God:
Gold:   396        SH:  0    Dex: 19 (20) Spells: 9/9 levels left

rFire    + + .     SeeInvis +   A - +0 scimitar
rCold    . . .     Gourm    .   (no shield)
rNeg     . . .     Faith    .   B - +0 plate armour
rPois    +         Spirit   .   (helmet restricted)
rElec    .         Reflect  .   w - +1 cloak {rPois}
rCorr    .         Harm     .   E - +0 pair of gloves
MR       .....                  C - +2 pair of boots of the Assassin {Detection Stab+ Stlth++}
Stlth    ..........             j - amulet of regeneration
HPRegen  0.62/turn              m - ring of see invisible
MPRegen  0.12/turn              u - ring of protection from fire

@: agile
A: horns 2, icy blue scales 2, clever 1, deformed body, fire resistance 1
a: no special abilities


You were on level 10 of the Dungeon.
You were very hungry.

You visited 2 branches of the dungeon, and saw 11 of its levels.

You collected 396 gold pieces.

Inventory:

Hand Weapons
 A - a +0 scimitar (weapon)
Missiles
 d - 5 throwing nets (quivered)
Armour
 w - a +1 cloak of poison resistance (worn)
 B - a +0 plate armour (worn)
 C - the +2 pair of boots of the Assassin (worn) {Detection Stab+ Stlth++}
   (You found it on level 7 of the Dungeon)

   It makes you much more stealthy.
 E - a +0 pair of gloves (worn)
Jewellery
 i - an uncursed ring of ice
 j - an amulet of regeneration (around neck)
 m - a ring of see invisible (left hand)
 r - an uncursed ring of stealth
 u - a ring of protection from fire (right hand)
Wands
 h - a wand of digging (8)
 n - a wand of iceblast (13)
 F - a wand of acid (11)
Scrolls
 a - a scroll of noise
 b - 3 scrolls of fog
 e - 4 scrolls of teleportation
 g - a scroll of holy word {unknown}
 k - 2 scrolls of immolation
 p - 2 scrolls of enchant weapon
 s - a scroll of magic mapping
 y - 2 scrolls of enchant armour
 z - 9 scrolls of remove curse
 D - 2 scrolls of identify
Potions
 c - a potion of flight
 l - 4 potions of curing
 v - 3 potions of cancellation
 x - 2 potions of brilliance
Miscellaneous
 o - a lightning rod (3/4)
Comestibles
 f - 11 rations


   Skills:
 + Level 6.5 Fighting
 + Level 10.5 Long Blades
 - Level 1.7 Throwing
 * Level 8.9 Armour
 + Level 5.4 Dodging


You had 9 spell levels left.
You didn't know any spells.
Your spell library contained the following spells:

 Spells                   Type           Power        Failure   Level  Hunger
 Beastly Appendage        Tmut           #.....       100%        1    ##.....
 Sandblast                Erth           #.....       100%        1    ##.....
 Summon Small Mammal      Summ           #...         100%        1    ##.....
 Passwall                 Tmut/Erth      #.......     100%        2    ###....
 Sticks to Snakes         Tmut           #.......     100%        2    ###....
 Stone Arrow              Conj/Erth      #.....       100%        3    ####...
 Ice Form                 Ice/Tmut       #.......     100%        4    #####..
 Petrify                  Tmut/Erth      #.......     100%        4    #####..
 Alistair's Intoxication  Tmut/Pois      #.......     100%        5    ######.
 Blade Hands              Tmut           #.........   100%        5    ######.
 Lee's Rapid Deconstruct  Erth           #.........   100%        5    ######.


Dungeon Overview and Level Annotations

Branches:
Dungeon (10/15)            Temple (1/1) D:6            Lair (0/6) D:8
    Orc (0/2) D:10

Altars:
Ashenzari
Cheibriados
Dithmenos
Elyvilon
Fedhas
Gozag
Hepliaklqana
Kikubaaqudgha
Makhleb
Nemelex Xobeh
Okawaru
Qazlal
Ru
Sif Muna
Trog
Uskayaw
Vehumet
Wu Jian
Xom
Yredelemnul
Zin
The Shining One


Innate Abilities, Weirdness & Mutations

You have a pair of horns on your head.
You are mostly covered in icy blue scales. (AC +3)
Your flesh is heat resistant. (rF+)
Your mind is acute. (Int +2)
Armour fits poorly on your strangely shaped body.


Message History

Your headbutt misses the two-headed ogre.
The two-headed ogre is lightly wounded.
The orc wizard hits you but does no damage.
The two-headed ogre hits you but does no damage.
The two-headed ogre hits you with a giant club!
* * * LOW HITPOINT WARNING * * *
You barely miss the two-headed ogre.
The two-headed ogre is lightly wounded.
The orc wizard hits you but does no damage.
You completely miss the two-headed ogre.
You headbutt the two-headed ogre, but do no damage.
The two-headed ogre is lightly wounded.
The two-headed ogre hits you but does no damage.
The two-headed ogre barely misses you.
The orc wizard hits you but does no damage.
You hit the two-headed ogre.
The two-headed ogre is moderately wounded.
The two-headed ogre closely misses you.
The two-headed ogre hits you with a giant club!!
You die...

..
>.............[....#
...................#
................####
##........##....#
.)....)...##....#
................#
......##.......##
##....##.Oo....#
#........@....#
...............#
......##########
...... ... ..


You could see a two-headed ogre and an orc wizard (invisible).

Vanquished Creatures
  The ghost of Oggechuo the Ducker, a novice OpSk of the Shining One (D:6)
  A hippogriff (D:9)
  Sigmund (D:2)
  5 yaks
  2 hungry ghosts
  A water moccasin (D:10)
  2 porcupines (D:8)
  3 black bears
  An eye of draining (D:8)
  5 orc warriors
  4 necrophages
  2 ice beasts
  2 ogres
  A phantom (D:10)
  3 centaurs
  A crocodile (D:10)
  2 big kobolds
  Blork the orc (D:4)
  9 bullfrogs
  A gnoll sergeant (D:9)
  A wyvern zombie (D:9)
  3 scorpions
  6 killer bees (D:9)
  3 howler monkeys
  A crimson imp (D:5)
  2 bullfrog zombies
  2 centaur zombies (D:9)
  3 jellies
  A quasit (D:9)
  5 hounds
  8 orc priests
  2 centaur skeletons
  3 iguanas
  9 orc wizards
  5 worker ants
  3 hound skeletons
  A howler monkey zombie (D:5)
  6 gnolls
  6 adders
  2 shadow imps
  An ooze (D:1)
  5 adder skeletons
  2 dart slugs
  3 leopard geckos
  42 orcs
  A ball python (D:3)
  7 giant cockroaches
  9 goblins
  4 hobgoblins (D:1)
  4 jackals (D:8)
  9 quokkas
  7 bats
  3 frilled lizards
  13 kobolds
  A leopard gecko skeleton (D:5)
  A quokka skeleton (D:4)
  5 rats
237 creatures vanquished.

Notes
Turn   | Place    | Note
-------+----------+-------------------------------------------
     0 | D:1      | Revguard the Demonspawn Gladiator began the quest for the
                  | Orb.
     0 | D:1      | Reached XP level 1. HP: 16/16 MP: 1/1
    74 | D:1      | Gained mutation: You have a pair of small horns on your
                  | head. [demonic ancestry]
    74 | D:1      | Reached XP level 2. HP: 10/22 MP: 2/2
   149 | D:1      | Reached skill level 3 in Long Blades
   435 | D:1      | Gained mutation: You are partially covered in icy blue
                  | scales. (AC +2) [demonic ancestry]
   435 | D:1      | Reached XP level 3. HP: 26/27 MP: 3/3
   717 | D:2      | Reached skill level 1 in Armour
  1125 | D:2      | Noticed Sigmund
  1132 | D:2      | Gained mutation: You are occasionally teleported next to
                  | monsters. [potion of mutation]
  1132 | D:2      | Gained mutation: Your muscles are strong. (Str +2) [potion
                  | of mutation]
  1152 | D:2      | Killed Sigmund
  1152 | D:2      | Reached XP level 4. HP: 12/34 MP: 4/4
  1152 | D:2      | Gained mutation: You have a pair of horns on your head.
                  | [demonic ancestry]
  1152 | D:2      | Reached XP level 5. HP: 14/39 MP: 5/5
  1290 | D:2      | Reached skill level 4 in Long Blades
  1467 | D:3      | Gained mutation: Your flesh is heat resistant. (rF+)
                  | [demonic ancestry]
  1467 | D:3      | Reached XP level 6. HP: 44/46 MP: 6/6
  1531 | D:3      | Lost mutation: Your muscles are strong. (Str +2) [potion of
                  | mutation]
  1531 | D:3      | Lost mutation: You are occasionally teleported next to
                  | monsters. [potion of mutation]
  1531 | D:3      | Gained mutation: Armour fits poorly on your strangely
                  | shaped body. [potion of mutation]
  1531 | D:3      | Gained mutation: Your mind is acute. (Int +2) [potion of
                  | mutation]
  1581 | D:3      | You fall through a shaft for 2 floors!
  1581 | D:5      | Entered Level 5 of the Dungeon
  1581 | D:5      | Found a white marble altar of Elyvilon.
  1589 | D:5      | Noticed an ice beast
  1592 | D:5      | Found a sparkling altar of Nemelex Xobeh.
  1604 | D:5      | Killed an ice beast
  1780 | D:5      | Gained mutation: You are mostly covered in icy blue scales.
                  | (AC +3) [demonic ancestry]
  1780 | D:5      | Reached XP level 7. HP: 49/51 MP: 7/7
  1836 | D:5      | Reached skill level 5 in Long Blades
  2656 | D:4      | Reached skill level 5 in Armour
  2794 | D:4      | Reached XP level 8. HP: 48/58 MP: 8/8
  2840 | D:4      | Noticed Blork the orc
  2863 | D:4      | Killed Blork the orc
  2863 | D:4      | Reached skill level 6 in Long Blades
  3969 | D:6      | Found a runed gate.
  3969 | D:6      | Found a runed gate.
  3969 | D:6      | Found a runed gate.
  3970 | D:6      | Noticed Oggechuo's ghost (novice OpSk)
  4013 | D:6      | Identified Tuts's Collected Works on Shifting Slavery
  4129 | D:6      | Found a burning altar of Makhleb.
  4369 | D:6      | Found a staircase to the Ecumenical Temple.
  4378 | Temple   | Entered the Ecumenical Temple
  4779 | D:6      | Killed Oggechuo's ghost
  4779 | D:6      | Reached skill level 7 in Long Blades
  4779 | D:6      | Reached XP level 9. HP: 41/65 MP: 9/9
  4856 | D:7      | Reached skill level 5 in Dodging
  4879 | D:7      | HP: 2/66 [orc warrior/scimitar (15)]
  4928 | D:7      | Found the +2 pair of boots of the Assassin {Detection Stab+
                  | Stlth++}
  5536 | D:8      | Reached skill level 8 in Long Blades
  5577 | D:8      | Reached skill level 5 in Fighting
  5757 | D:8      | Found a staircase to the Lair.
  6052 | D:9      | Reached skill level 9 in Long Blades
  6061 | D:9      | Reached XP level 10. HP: 46/72 MP: 10/10
  6760 | D:9      | Reached skill level 10 in Long Blades
  6915 | D:10     | Entered Level 10 of the Dungeon
  7315 | D:10     | Found a staircase to the Orcish Mines.
  7324 | D:10     | Noticed a two-headed ogre
  7340 | D:10     | Slain by a two-headed ogre

Skill      XL: |  1  2  3  4  5  6  7  8  9 10 |
---------------+-------------------------------+-----
Long Blades    | 3 4 5 7 9 10 | 10.5
Dodging        | 3 4 5 |  5.4
Armour         | 2 3 4 5 6 7 8 |  8.9
Fighting       | 3 4 5 6 |  6.5
Throwing       | |  1.7

Action                   |  1- 3 |  4- 6 |  7- 9 | 10-12 || total
-------------------------+-------+-------+-------+-------++-------
Melee: Long sword        |    98 |    84 |   228 |       ||   410
       Headbutt          |    20 |    18 |   103 |    76 ||   217
       Scimitar          |       |       |   178 |   294 ||   472
Evoke: Wand              |       |       |       |     2 ||     2
       Lightning rod     |       |       |       |     1 ||     1
  Use: Potion            |     4 |     2 |     5 |     9 ||    20
       Scroll            |       |     7 |     9 |       ||    16
  Eat: Chunk             |       |     3 |     7 |     5 ||    15
       Ration            |       |       |     2 |     2 ||     4
Armor: Ring mail         |    34 |    32 |    87 |       ||   153
       Leather armour    |     3 |       |       |       ||     3
       Plate armour      |       |       |   132 |   235 ||   367
Dodge: Dodged            |    75 |    63 |   263 |   150 ||   551
       Rpst.: Long sword |    16 |    18 |    53 |       ||    87
       Scimitar          |       |       |    21 |    45 ||    66
